 Dungeon Crawl Stone Soup version 0.25-a0-558-g78a2afb0af (webtiles) character file.

Game seed: 15443839229892144628, levelgen mode: deterministic

24649 MrRokkomies the Archer (level 12, -2/117 HPs)
             Began as a Centaur Hunter on Feb 25, 2020.
             Was an Elder of Fedhas.
             Shot with an arrow by a centaur warrior (5 damage)
             ... in a volcano.
             The game lasted 00:42:44 (16147 turns).

MrRokkomies the Archer (Centaur Hunter)            Turns: 16147, Time: 00:42:45

Health: -2/117     AC: 16    Str: 17    XL:     12   Next: 82%
Magic:  17/19      EV:  5    Int: 10    God:    Fedhas [****..]
Gold:   492        SH:  0    Dex: 13    Spells: 11/11 levels left

rFire    . . .     SeeInvis +   a - +2 shortbow
rCold    . . .     Gourm    .   (shield currently unavailable)
rNeg     + + +     Faith    .   q - +0 shadow dragon scales
rPois    .         Spirit   .   J - +2 hat {SInv}
rElec    .         Reflect  .   G - +0 cloak of the Burgomaster {*Slow +Blink rN+++ Stlth+} (curse)
rCorr    .         Harm     .   j - +0 pair of gloves
MR       +....                  (no barding)
Stlth    +++.......             r - amulet of regeneration
HPRegen  0.69/turn              e - ring of positive energy
MPRegen  0.16/turn              o - ring of protection from magic

@: very quick
A: large, hooves 3, deformed body, speed 2, tough skin 3
a: Wall of Briars, Grow Ballistomycete, Overgrow, Renounce Religion, Evoke Blink


You were in a volcano.
You worshipped Fedhas.
Fedhas was greatly pleased with you.
You were very hungry.

You visited 3 branches of the dungeon, and saw 17 of its levels.
You also visited: Volcano.

You collected 654 gold pieces.
You spent 162 gold pieces at shops.

Inventory:

Hand Weapons
 a - a +2 shortbow (weapon)
 b - a +0 dagger of venom
 z - a +0 spear
Missiles
 u - 22 arrows (quivered)
Armour
 j - a +0 pair of gloves (worn)
 p - the +1 ring mail of the Spheres {rF+ Str+2 Int+4 Stlth+}
   (You found it on level 1 of the Lair of Beasts)

   It affects your strength (+2).
   It affects your intelligence (+4).
   It protects you from fire.
   It makes you more stealthy.
   If you switch to wearing this armour, your AC will decrease by 4 (16 -> 12).
 q - +0 shadow dragon scales (worn)
 v - a +0 cloak of invisibility
 G - the cursed +0 cloak of the Burgomaster (worn) {*Slow +Blink rN+++ Stlth+}
   (You found it on level 9 of the Dungeon)

   It renders you almost immune to negative energy.
   It lets you blink.
   It may slow you when you take damage.
   It makes you more stealthy.
   If you remove this armour, your AC will decrease by 2 (16 -> 14).
   It has a curse placed upon it.
 J - a +2 hat of see invisible (worn)
Jewellery
 e - a ring of positive energy (left hand)
 n - an uncursed ring of flight
 o - a ring of protection from magic (right hand)
 r - an amulet of regeneration (around neck)
 F - an uncursed ring of resist corrosion
Wands
 d - a wand of iceblast (3)
 w - a wand of random effects (19)
 E - a wand of flame (30)
 I - a wand of digging (5)
Scrolls
 c - a scroll of fear
 g - 4 scrolls of immolation
 k - 3 scrolls of enchant weapon
 l - 6 scrolls of identify
 t - 8 scrolls of remove curse
 x - 2 scrolls of teleportation
 y - 2 scrolls of amnesia
Potions
 h - 3 potions of curing
 i - 2 potions of haste
 m - 2 potions of ambrosia
 A - a potion of resistance
 B - a potion of stabbing
 D - a potion of flight
 H - a potion of berserk rage
Miscellaneous
 s - a fan of gales (inert)
Comestibles
 f - 20 rations


   Skills:
 * Level 14.0 Fighting
 - Level 14.0 Bows
 * Level 7.4 Armour
 - Level 1.3 Dodging
 - Level 0.4 Stealth
 + Level 9.4 Invocations


You had 11 spell levels left.
You didn't know any spells.
Your spell library contained the following spells:

 Spells                   Type           Power        Failure   Level  Hunger
 Beastly Appendage        Tmut           #.....       99%         1    ##.....
 Sticks to Snakes         Tmut           #.......     100%        2    ###....
 Spider Form              Tmut/Pois      #.........   100%        3    ####...
 Ice Form                 Ice/Tmut       #.......     100%        4    #####..
 Blade Hands              Tmut           #.........   100%        5    ######.


Dungeon Overview and Level Annotations

Branches:
Dungeon (11/15)            Temple (1/1) D:5            Lair (5/6) D:11
 Shoals (0/4) Lair:4          Orc (0/2) D:11        Volcano (1/1)
  Snake: Lair:2-4    Spider: Lair:2-4     Slime: Lair:5-6

Altars:
Ashenzari
Cheibriados
Dithmenos
Elyvilon
Fedhas
Gozag
Hepliaklqana
Kikubaaqudgha
Makhleb
Nemelex Xobeh
Okawaru
Qazlal
Ru
Sif Muna
Trog
Uskayaw
Vehumet
Wu Jian
Xom
Yredelemnul
Zin
The Shining One

Shops:
D:4 !*(?!   D:8 %


Innate Abilities, Weirdness & Mutations

You have hooves in place of feet.
Armour fits poorly on your strangely shaped body.
You cover ground very quickly.
You have extremely tough skin. (AC +3)


Message History

The centaur warrior shoots an arrow.
The arrow hits you but does no damage.
The yaktaur shoots a bolt.
The bolt hits you!
* * * LOW HITPOINT WARNING * * *
The bolt burns you.
* * * LOW HITPOINT WARNING * * *
The yaktaur shoots a bolt.
The bolt barely misses you.
Things that are here:
a bolt; an arrow The hell knight points at you and mumbles some strange words.
You easily resist.
The centaur warrior shoots an arrow.
The arrow hits you but does no damage.
You see here an arrow.
The yaktaur wields a +3 arbalest of flaming.
It bursts into flame!
The yaktaur shoots a bolt.
The bolt hits you!!
* * * LOW HITPOINT WARNING * * *
The bolt burns you.
* * * LOW HITPOINT WARNING * * *
The centaur warrior shoots an arrow.
The arrow hits you.
You die...
Fedhas appreciates your contribution to the ecosystem.

≈≈§≈#...#cc...#...
≈≈§≈#...#######..
≈≈§≈#.c.'c[.[.'..
≈≈§#(c.#§.≈..#
#.(P#8≈≈≈8#
#PcP(.≈p.+
#PPP.(...+
§##.#8(.(8# #≈
§≈###.@..(###≈≈
≈§§≈§....§§§§§≈
#≈≈§≈8..§8≈§≈≈≈
###≈≈§..§§§§§§§
#§§....§§≈≈##
##§8§..8≈§§#
##.....####
#.....# #8...8#


You could see a hell knight, a centaur warrior and 3 yaktaurs.

Vanquished Creatures
  Gastronok (Lair:3)
  3 hydras
  A two-headed ogre (D:8)
  4 death yaks (Lair:3)
  An unseen horror (D:11)
  A deep elf mage (D:10)
  An ugly thing (D:10)
  2 black mambas
  2 spiny frogs
  3 komodo dragons
  A merfolk (D:10)
  2 polar bears (D:10)
  2 trolls
  3 dream sheep (Lair:4)
  Prince Ribbit (D:7)
  8 hippogriffs
  A water elemental (D:11)
  10 yaks
  A wyvern (Lair:3)
  A wraith (D:11)
  A hungry ghost (D:3)
  2 basilisks (Lair:2)
  A human (D:10)
  9 porcupines
  4 water moccasins
  3 sky beasts
  Duvessa (D:4)
  7 orc warriors
  A necrophage (D:11)
  A black bear (D:10)
  4 ice beasts
  3 phantoms
  6 ogres
  3 centaurs
  7 wolves
  2 crocodiles
  7 bullfrogs
  A gnoll sergeant (D:10)
  6 scorpions
  A wyvern skeleton (D:11)
  Dowan (D:4)
  6 killer bees (D:9)
  6 wights
  A troll skeleton (D:11)
  An electric eel (D:11)
  2 bullfrog zombies
  3 crimson imps
  2 quasits
  2 jellies
  12 orc priests
  3 hounds
  15 orc wizards
  4 centaur skeletons
  3 human zombies (D:11)
  2 human skeletons (D:11)
  An iguana (D:10)
  5 worker ants
  A centaur simulacrum (D:11)
  A bullfrog simulacrum (D:11)
  A mummy (D:11)
  2 worker ant zombies
  12 adders
  19 gnolls
  A shadow imp (D:6)
  A white imp (D:11)
  An ufetubus (D:11)
  3 oozes
  3 worms
  3 dart slugs
  8 leopard geckos
  51 orcs
  4 ball pythons
  2 giant cockroaches
  11 goblins
  5 hobgoblins
  7 jackals
  A quokka (D:7)
  12 bats
  5 frilled lizards
  4 kobolds
  A leopard gecko zombie (D:6)
  An orc zombie (D:11)
  2 quokka skeletons
  7 rats
357 creatures vanquished.

Vanquished Creatures (collateral kills)
  A black mamba (Lair:1)
  A spiny frog (Lair:4)
  A dream sheep (Lair:4)
  A bullfrog (Lair:4)
  8 ballistomycete spores
12 creatures vanquished.

Vanquished Creatures (others)
  A hound (D:11)
  An orc wizard (D:10)
  2 orcs (D:10)
  3 plants (Lair:4)
7 creatures vanquished.

Grand Total: 376 creatures vanquished

Notes
Turn   | Place    | Note
-------+----------+-------------------------------------------
     0 | D:1      | MrRokkomies the Centaur Hunter began the quest for the Orb.
     0 | D:1      | Reached XP level 1. HP: 17/17 MP: 1/1
   319 | D:1      | Reached XP level 2. HP: 18/25 MP: 2/2
  1075 | D:2      | Reached XP level 3. HP: 23/30 MP: 3/3
  1259 | D:2      | HP: 1/31 [leopard gecko (3)]
  1860 | D:2      | Reached XP level 4. HP: 34/38 MP: 4/4
  2132 | D:3      | Reached XP level 5. HP: 34/46 MP: 5/5
  2332 | D:3      | Noticed a hungry ghost
  2349 | D:3      | Killed a hungry ghost
  2349 | D:3      | Reached XP level 6. HP: 51/53 MP: 6/6
  2371 | D:3      | Noticed a sky beast
  2499 | D:3      | Killed a sky beast
  2499 | D:3      | Reached skill level 5 in Fighting
  2708 | D:3      | Found a stormy altar of Qazlal.
  3124 | D:4      | Found Xisch's Weapon Shoppe.
  3224 | D:4      | Reached XP level 7. HP: 61/61 MP: 7/7
  3505 | D:4      | Found Zajeown's Distillery.
  3508 | D:4      | Bought a potion of curing for 42 gold pieces
  3508 | D:4      | Bought a potion of heal wounds for 70 gold pieces
  3587 | D:4      | Found Goak's Magic Scroll Shop.
  3838 | D:4      | You fall into a shaft and drop 2 floors!
  4001 | D:5      | Entered Level 5 of the Dungeon
  4113 | D:6      | HP: 3/64 [orc (2)]
  4335 | D:6      | Reached skill level 10 in Bows
  4425 | D:6      | Reached XP level 8. HP: 68/71 MP: 8/8
  4665 | D:6      | Found an ornate altar of the Wu Jian Council.
  4938 | D:4      | Found Zateoth's Assorted Antiques.
  4939 | D:4      | Noticed Dowan
  4961 | D:4      | Killed Dowan
  4978 | D:4      | Noticed Duvessa
  5005 | D:4      | Killed Duvessa
  5365 | D:4      | Found Amagh's Distillery.
  5370 | D:4      | Bought a potion of heal wounds for 50 gold pieces
  5848 | D:5      | Found a staircase to the Ecumenical Temple.
  5898 | Temple   | Entered the Ecumenical Temple
  5964 | Temple   | Became a worshipper of Fedhas Madash
  6459 | D:6      | Found a shimmering blue altar of Sif Muna.
  6460 | D:6      | Found a burning altar of Makhleb.
  6464 | D:6      | Found a snail-covered altar of Cheibriados.
  6464 | D:6      | Found an opulent altar of Gozag.
  6564 | D:7      | Reached skill level 1 in Invocations
  6586 | D:7      | Noticed Prince Ribbit
  6876 | D:7      | Reached XP level 9. HP: 81/82 MP: 8/10
  6893 | D:7      | Reached * piety under Fedhas
  6976 | D:7      | Reached skill level 1 in Armour
  7390 | D:7      | Killed Prince Ribbit
  7544 | D:8      | Noticed a two-headed ogre
  7588 | D:8      | Killed a two-headed ogre
  7668 | D:8      | Found Poavezuf's Food Shoppe.
  8193 | D:8      | Reached ** piety under Fedhas
  8233 | D:8      | Reached XP level 10. HP: 92/92 MP: 12/12
  8759 | D:9      | Reached skill level 10 in Fighting
  8829 | D:9      | Got a crude cloak
  8840 | D:9      | Identified the cursed +0 cloak of the Burgomaster {*Slow
                  | +Blink rN+++ Stlth+} (You found it on level 9 of the
                  | Dungeon)
  8974 | D:10     | Entered Level 10 of the Dungeon
  9434 | D:10     | Noticed a deep elf mage
  9440 | D:10     | Killed a deep elf mage
  9524 | D:10     | Reached skill level 5 in Invocations
  9857 | D:10     | Reached *** piety under Fedhas
  9976 | D:10     | Found a glowing golden altar of the Shining One.
 10110 | D:11     | Noticed a four-headed hydra
 10129 | D:10     | Killed a four-headed hydra
 10129 | D:10     | Reached XP level 11. HP: 100/102 MP: 15/15
 10171 | D:11     | Found a flagged portal.
 10275 | D:11     | Noticed an eight-headed hydra
 10426 | D:11     | Noticed a cyan ugly thing
 10799 | D:10     | Killed an eight-headed hydra
 10902 | D:11     | Found a staircase to the Orcish Mines.
 11378 | D:10     | Killed a cyan ugly thing
 11605 | D:11     | Killed an unseen horror
 11815 | D:11     | Reached **** piety under Fedhas
 12422 | D:11     | Reached skill level 5 in Armour
 12483 | D:11     | Found an ancient bone altar of Kikubaaqudgha.
 12730 | D:11     | Found a staircase to the Lair.
 12903 | Lair:1   | Entered Level 1 of the Lair of Beasts
 13681 | Lair:1   | Got an encrusted ring mail
 13692 | Lair:1   | Identified the +1 ring mail of the Spheres {rF+ Str+2 Int+4
                  | Stlth+} (You found it on level 1 of the Lair of Beasts)
 14572 | Lair:2   | Reached XP level 12. HP: 113/113 MP: 18/18
 15336 | Lair:3   | Noticed a death yak
 15345 | Lair:3   | Noticed Gastronok
 15367 | Lair:3   | Killed a death yak
 15394 | Lair:3   | Killed Gastronok
 15429 | Lair:3   | Noticed a death yak
 15433 | Lair:3   | Noticed a death yak
 15435 | Lair:3   | Noticed a death yak
 15506 | Lair:3   | Killed a death yak
 15513 | Lair:3   | Killed a death yak
 15519 | Lair:3   | Killed a death yak
 15650 | Lair:3   | You fall into a shaft and drop 2 floors!
 15657 | Lair:4   | Noticed an eight-headed hydra
 15666 | Lair:4   | Found a staircase to the Shoals.
 15864 | Lair:4   | Killed an eight-headed hydra
 15982 | Lair:4   | Noticed a four-headed hydra
 15984 | Lair:4   | Noticed an eight-headed hydra
 15998 | Lair:4   | Found a dark tunnel.
 16007 | Volcano  | Entered a volcano
 16125 | Volcano  | Noticed a centaur warrior
 16126 | Volcano  | Found a burning altar of Makhleb.
 16147 | Volcano  | HP: 3/117 [yaktaur/bolt (6)]
 16147 | Volcano  | Shot with an arrow by a centaur warrior

Levels and vault maps discovered:
D:1:      lemuel_arrival_hallway, layout_basic, chequers_serial_rivers_small_b,
          kennysheep_flooded_box
D:2:      layout_loops_ring, minmay_hexomino_f4
D:3:      layout_basic, grunt_qazlal_clouds, first_ration
D:4:      lemuel_upstairs_altar, layout_gridville, serial_shops, shop, shop,
          nicolae_shop_behind_doors, shop, shop, minmay_misc_feat_rows,
          uniq_duvessa
D:5:      layout_rooms, minmay_temple_entry_mist, kennysheep_diamond,
          st_stairs_9
D:6:      layout_loops_corners, grunt_temple_overflow_open
D:7:      layout_cave_pods, uniq_prince_ribbit1
D:8:      layout_loops_ring, serial_shops, shop
D:9:      layout_basic
D:10:     layout_roguey, hangedman_stone_soup, nicolae_tso_carved_into_rock
D:11:     layout_cross, lair_entry_dummy, david_orc_3, enter_bailey_3,
          serial_ice, serial_ice_m, serial_ice_o, serial_ice_g, serial_ice_h,
          serial_ice_k, minmay_fountain_box,
          lemuel_mausoleum_altar_kikubaaqudgha
Temple:   nicolae_temple_x_marks_the_god
Lair:1:   layout_layer_cave, cheibrodos_lair_reptile_den
Lair:2:   layout_chaotic_city, infiniplex_staircase_pool_2
Lair:3:   layout_chaotic_city, spider_nest_entry_web_field,
          columned_hall_lemuel, st_stairs_12, grunt_megastairs_2, uniq_gastronok
Lair:4:   layout_gridlike, shoals_dummy_entry, nicolae_volcano_entry_batcave,
          serial_bayou_ford_a, worms_lemuel, grunt_megastairs_5,
          serial_bayou_shore_b, lemuel_fruit_tree
Lair:5:   layout_misc_corridors, nicolae_slime_entry_slimehenge
Volcano:  kennysheep_volcano_temple

Skill      XL: |  1  2  3  4  5  6  7  8  9 10 11 12 |
---------------+-------------------------------------+-----
Bows           | 6 7 8 10 11 13 14 | 14.0
Fighting       | 3 4 5 6 8 9 11 12 14 | 14.0
Invocations    | 1 3 5 8 9 |  9.4
Armour         | 2 4 5 7 |  7.4
Dodging        | |  1.3
Stealth        | |  0.4

Action                   |  1- 3 |  4- 6 |  7- 9 | 10-12 || total
-------------------------+-------+-------+-------+-------++-------
Melee: Short sword       |   100 |       |       |       ||   100
       Kick              |    16 |    25 |    61 |    50 ||   152
       Spear             |    14 |    91 |   206 |       ||   311
       Dagger            |       |       |    48 |   189 ||   237
       Shortbow          |       |       |       |     2 ||     2
 Fire: Shortbow          |    27 |    55 |   370 |   971 ||  1423
Invok: Wall of Briars    |       |       |       |     5 ||     5
       Grow Ballistomyce |       |       |       |     2 ||     2
 Abil: Evoke Blink       |       |       |       |     7 ||     7
Evoke: Wand              |       |       |       |    12 ||    12
       Fan of gales      |       |       |       |     1 ||     1
  Use: Potion            |       |       |     3 |     8 ||    11
       Scroll            |       |       |    12 |    12 ||    24
 Stab: Sleeping          |       |       |       |     1 ||     1
  Eat: Ration            |     1 |     1 |       |     2 ||     4
       Chunk             |       |     1 |    13 |    12 ||    26
Armor: Leather armour    |    58 |    37 |    88 |       ||   183
       Scale mail        |       |       |    62 |   369 ||   431
       Skin              |       |       |       |    47 ||    47
       Shadow dragon sca |       |       |       |    57 ||    57
Dodge: Dodged            |    79 |    59 |   127 |   249 ||   514

Table legend:
 A = Non-vault XP
 B = Vault XP
 C = Vault XP percentage of total XP
 D = Non-vault monster count
 E = Vault monster count
 F = Vault count percentage of total count
                 A         B        C        D         E       F
            +---------+---------+-------+---------+---------+-------
      Total |   25576 |    9637 |  27.4 |     303 |      58 |  16.1
            +---------+---------+-------+---------+---------+-------
        D:1 |      32 |       0 |   0.0 |      20 |       0 |   0.0
        D:2 |      61 |       8 |  11.6 |      19 |       4 |  17.4
        D:3 |     490 |       0 |   0.0 |      25 |       0 |   0.0
        D:4 |     783 |     204 |  20.7 |      36 |       2 |   5.3
        D:5 |     375 |       2 |   0.5 |      11 |       2 |  15.4
        D:6 |     611 |       0 |   0.0 |      21 |       0 |   0.0
        D:7 |     519 |     259 |  33.3 |      23 |       1 |   4.2
        D:8 |    2203 |       0 |   0.0 |      25 |       0 |   0.0
        D:9 |    1852 |       0 |   0.0 |      21 |       0 |   0.0
       D:10 |    5164 |    1685 |  24.6 |      40 |       6 |  13.0
       D:11 |    2297 |    1689 |  42.4 |      19 |      29 |  60.4
     Lair:1 |    2396 |     694 |  22.5 |      14 |       2 |  12.5
     Lair:2 |    1754 |       0 |   0.0 |       9 |       0 |   0.0
     Lair:3 |    3925 |    3981 |  50.4 |       8 |       9 |  52.9
     Lair:4 |    3114 |    1115 |  26.4 |      12 |       3 |  20.0
            +---------+---------+-------+---------+---------+-------
